 Dungeon Crawl Stone Soup version 0.32-a0-422-g28b100f (webtiles) character file.

Game seed: 14480900494786056103

84 skewfiend the Shooter (level 4, -3/28 HPs)
             Began as a Kobold Hunter on Feb 21, 2024.
             Slain by a kobold
             ... wielding a +1 dagger of electrocution
              (20 damage)
             ... on level 3 of the Dungeon.
             The game lasted 00:02:51 (1669 turns).

skewfiend the Shooter (Kobold Hunter)               Turns: 1669, Time: 00:02:53

Health: -3/28      AC:  4    Str:  8    XL:     4   Next: 72%
Magic:  4/4        EV: 14    Int: 10    God:
Gold:   78         SH:  0    Dex: 20    Spells: 3/3 levels left

rFire   . . .        a - +0 shortbow
rCold   . . .        (shield currently unavailable)
rNeg    . . .        c - +0 leather armour
rPois   .            (no helmet)
rElec   .            (no cloak)
rCorr   .            (no gloves)
SInv    .            u - +0 pair of boots
Will    +....        (no amulet)
Stlth   +++          q - ring of willpower
HPRegen 0.24/turn    (no ring)
MPRegen 0.09/turn

%: no passive effects
@: no status effects
A: small, no large weapons, nightstalker 3
a: no special abilities


You were on level 3 of the Dungeon.
You visited 1 branch of the dungeon, and saw 3 of its levels.

You collected 78 gold pieces.

Inventory:

Hand Weapons
 a - a +0 shortbow (weapon)
 e - a +0 mace of holy wrath
 m - a +2 hand axe of flaming
Missiles
 k - 4 atropa-tipped darts
 l - 23 stones
Armour
 c - a +0 leather armour (worn)
 h - a +0 buckler
 u - a +0 pair of boots (worn)
Jewellery
 q - a ring of willpower (left hand)
 x - a ring of fire
Scrolls
 b - a scroll of butterflies
 d - a scroll of immolation {unknown}
 f - a scroll of revelation {unknown}
 g - a scroll of enchant armour {unknown}
 i - 3 scrolls of identify {unknown}
 n - a scroll of enchant weapon {unknown}
 p - 2 scrolls of blinking {unknown}
 s - 3 scrolls of teleportation {unknown}
 v - a scroll of fear {unknown}
 w - a scroll of poison {unknown}
Potions
 j - 3 potions of curing {unknown}
 o - a potion of magic {unknown}
 r - a potion of enlightenment {unknown}
 t - a potion of resistance {unknown}


   Skills:
 + Level 3.3 Fighting
 * Level 6.9 Ranged Weapons
 - Level 2.4 Dodging
 - Level 1.3 Stealth


You had 3 spell levels left.
You didn't know any spells.
Your spell library contained the following spells:

 Spells                   Type           Power      Damage    Failure   Level
 Blink                    Tloc           0%         N/A       63%         2
 Lesser Beckoning         Tloc           0%         N/A       63%         2
 Mercury Vapours          Alch/Air       0%         N/A       63%         2
 Momentum Strike          Conj/Tloc      0%         3d8       63%         2
 Dazzling Flash           Conj/Hex       0%         N/A       86%         3
 Mephitic Cloud           Conj/Alch/Air  0%         N/A       86%         3
 Curse of Agony           Necr           0%         N/A       100%        5
 Freezing Cloud           Conj/Ice/Air   0%         6-21      100%        5
 Irradiate                Conj/Alch      0%         3d11      100%        5
 Silence                  Hex/Air        0%         N/A       100%        5
 Sculpt Simulacrum        Ice/Alch       0%         N/A       100%        6


Dungeon Overview and Level Annotations

Branches:
Dungeon (3/15)

Altars:
Qazlal


Innate Abilities, Weirdness & Mutations

You are small and have problems with some larger weapons.
You are completely attuned to the shadows.


Message History

You shoot an arrow. The arrow hits the adder!
The adder is severely wounded.
You shoot an arrow. The arrow closely misses the adder.
You shoot an arrow. The arrow hits the adder.
You kill the adder!
No target in view!
A ribbon worm comes into view.
You shoot an arrow. The arrow hits the ribbon worm!
The ribbon worm is heavily wounded.
You shoot an arrow. The arrow hits the ribbon worm.
The ribbon worm is heavily wounded.
The ribbon worm expels a string of sticky webbing.
The stream of webbing hits you but does no damage.
You are caught in a web!
You are caught in a web!
You are caught in a web!
You are caught in a web!
The web tears apart.
You shoot an arrow. The arrow hits the ribbon worm!
The ribbon worm is almost dead.
You shoot an arrow. The arrow hits the ribbon worm!
You kill the ribbon worm!
Done exploring.
Done exploring.
There is a stone staircase leading down here.
You climb downwards.
Found a stormy altar of Qazlal.
Found an escape hatch in the ceiling.
There is a stone staircase leading up here.
A kobold comes into view.
It is wielding a +1 dagger of electrocution.
The kobold hits you but does no damage.
You are electrocuted!
You shoot an arrow. The arrow hits the kobold.
The kobold is heavily wounded.
The kobold hits you with a +1 dagger of electrocution.
You shoot an arrow.
The arrow hits the kobold but does no damage.
The kobold is heavily wounded.
The kobold hits you with a +1 dagger of electrocution.
You are electrocuted!!
Ouch! That really hurt!
You die...

#...#
###.#.##
#.._...
#.#.#.#
#...#K#
##<#@.#
#.#.##
#.#.#
<....
.##.#


You could see a kobold.

Vanquished Creatures
  2 adders (D:2)
  A ribbon worm (D:2)
  2 bats (D:1)
  4 endoplasms
  3 goblins (D:1)
  A hobgoblin (D:2)
  3 jackals (D:1)
  5 kobolds (D:1)
  2 quokkas (D:1)
  6 ball pythons
  6 rats (D:1)
35 creatures vanquished.

Notes
Turn   | Place    | Note
-------+----------+-------------------------------------------
     0 | D:1      | skewfiend the Kobold Hunter began the quest for the Orb.
     0 | D:1      | Reached XP level 1. HP: 12/12 MP: 1/1
    56 | D:1      | Reached XP level 2. HP: 18/18 MP: 2/2
   398 | D:1      | Found a transporter.
   401 | D:1      | Got Gomoriedd's Elucidation of Leucosis
   476 | D:1      | Reached skill level 6 in Ranged Weapons
   491 | D:1      | Reached XP level 3. HP: 20/22 MP: 3/3
   710 | D:1      | Found a faded altar of an unknown god.
   919 | D:1      | Reached XP level 4. HP: 28/28 MP: 4/4
  1664 | D:3      | Found a stormy altar of Qazlal.
  1669 | D:3      | Slain by a kobold

Illustrated notes

Levels and vault maps discovered:
D:1:      spicycebolla_arrival_transporter_tutorial, layout_basic,
          shapermc_ecumenical_altar_totnotflames, minmay_indecisive_spiral
D:2:      layout_rooms
D:3:      layout_loops_cross, lemuel_crystal_altar, kennysheep_generic_room_2,
          uniq_sigmund

Skill      XL: |  1  2  3 |
---------------+----------+-----
Ranged Weapons | 6 |  6.9
Fighting       | 3 |  3.3
Dodging        | |  2.4
Stealth        | |  1.3

Action                     |  1- 3 |  4- 6 || total
---------------------------+-------+-------++-------
   Fire: Shortbow          |    74 |    21 ||    95
 Armour: Leather armour    |    13 |     3 ||    16
  Dodge: Dodged            |    21 |       ||    21

Table legend: (Time is in decaauts)
 A = Elapsed time spent in this place.
 B = Non-inter-level travel time spent in this place.
 C = Inter-level travel time spent in this place.
 D = Time resting spent in this place.
 E = Time spent auto-exploring this place.
 F = Levels seen in this place.
 G = Mean time per level.
                   A        B        C        D        E       F      G
               +--------+--------+--------+--------+--------+-----+--------+
         Total |   1687 |   1594 |     93 |      0 |   1389 |   3 |  562.3 |
       Dungeon |   1687 |   1594 |     93 |      0 |   1389 |   3 |  562.3 |
               +--------+--------+--------+--------+--------+-----+--------+

Top non-repeatable levels by time:
     D:1: 1151 daAuts
     D:2: 530 daAuts
     D:3: 4 daAuts
